Lightning vs Capitals
Created - 8 novembre 2016 at 18:58
Goals
|
| Lightning |
1 |
1 |
2 |
4 |
| Capitals |
1 |
3 |
4 |
8 |
|
Shots
|
| Lightning |
12 |
8 |
8 |
28 |
| Capitals |
9 |
13 |
9 |
31 |
|
1st period
1. Capitals , Scottie Upshall 1 (Chris Kelly, Ryan Callahan) at 0:53
2. Lightning , Kris Versteeg 5 (Robert Nilsson, Brent Burns) at 18:09
Penalties :
No Penalty
2nd period
3. Lightning , Kris Versteeg 6 (Henrik Zetterberg, Robert Nilsson) at 0:18 (PP)
4. Capitals , Scottie Upshall 2 (Adam Hall, Chris Kelly) at 1:59
5. Capitals , Johnny Oduya 2 (Joe Pavelski, Jason Spezza) at 11:43 (PP)
6. Capitals , Ryan Callahan 1 (Paul Martin, Patrik Elias) at 13:58 (PP)
Penalties :
Daniel Sedin (Was) for Tripping (Minor) at 0:15, John Carlson (TB.) for High sticking (Minor) at 3:40, Logan Couture (TB.) for Interference (Minor) at 11:12, Robert Nilsson (TB.) for Interference (Minor) at 12:53
3rd period
7. Capitals , Chris Kelly 2 (Scottie Upshall) at 4:30
8. Lightning , Andy Rogers 2 (Pierre-Luc Létourneau) at 5:45
9. Capitals , Dany Roussin 1 (Saku Koivu, Mark Giordano) at 9:12
10. Capitals , Joe Pavelski 6 (Jason Spezza) at 10:39 (PP)
11. Capitals , Dany Roussin 2 (Jason Spezza) at 13:18
12. Lightning , Daniel Carcillo 2 (Steve Bernier, Jeff Schultz) at 19:07
Penalties :
Kris Versteeg (TB.) for Cross-checking (Minor) at 5:57, Kris Versteeg (TB.) for Slashing (Minor) at 10:32, Paul Martin (Was) for Holding (Minor) at 13:33
Goalie Stats
Erik Ersberg (TB.), 1 saves from 3 shots - (0,333), 10:48 minutes
Tyler Weiman (TB.), 22 saves from 28 shots - (0,786), L, 3-3-1, 49:12 minutes
Jaroslav Halak (Was), 24 saves from 28 shots - (0,857), W, 4-2-0, 60:00 minutes
Players Stats for Lightning
Player Name G A P +/- PIM S H SB GA TA FO MP PP MP PK MP
------------------------------------------------------------------------------------
Andy Rogers 1 0 1 0 0 1 0 1 0 2 0/0 19:07 0:11 3:56
Brent Burns 0 1 1 -3 0 0 2 0 0 1 0/0 26:54 1:14 1:45
Chris Higgins 0 0 0 0 0 3 1 0 0 0 2/3 21:14 0:55 1:07
Daniel Carcillo 1 0 1 -2 0 3 2 1 0 0 0/0 10:48 0:00 0:00
Darroll Powe 0 0 0 1 0 0 0 0 0 0 1/2 8:56 0:00 1:21
Henrik Zetterberg 0 1 1 -1 0 0 1 0 1 0 1/1 16:26 1:07 0:00
Jeff Schultz 0 1 1 0 0 0 0 3 0 0 0/0 18:56 0:00 3:56
John Carlson 0 0 0 -3 2 2 3 2 0 0 0/0 25:21 1:11 0:00
Kris Versteeg 2 0 2 0 4 4 2 0 1 1 1/2 19:54 1:07 0:00
Logan Couture 0 0 0 -2 2 1 0 0 0 0 2/7 14:07 0:00 2:47
Pierre-Luc Létourneau 0 1 1 1 0 1 0 0 0 1 0/0 6:56 0:00 0:00
Pierre-Marc Bouchard 0 0 0 -1 0 5 2 0 2 0 7/15 16:15 0:55 0:00
Robert Nilsson 0 2 2 0 2 4 4 0 0 0 13/21 21:02 1:07 1:37
Sheldon Keefe 0 0 0 1 0 2 0 0 0 0 0/0 10:52 0:00 3:12
Steve Bernier 0 1 1 -2 0 2 0 0 0 0 0/0 10:13 0:00 0:00
Victor Hedman 0 0 0 1 0 0 0 0 0 0 0/0 13:55 0:51 0:00
Wayne Simmonds 0 0 0 -1 0 0 1 1 0 0 0/4 17:39 0:55 1:18
Wes O'Neill 0 0 0 1 0 0 1 1 0 0 0/0 15:39 0:37 1:45
Players Stats for Capitals
Player Name G A P +/- PIM S H SB GA TA FO MP PP MP PK MP
------------------------------------------------------------------------------------
Adam Hall 0 1 1 2 0 1 1 0 0 0 0/0 13:58 0:09 0:00
Chris Kelly 1 2 3 2 0 4 2 0 0 0 2/4 14:35 0:09 0:16
Cody Franson 0 0 0 -3 0 1 0 1 0 0 0/0 18:55 1:47 1:07
Daniel Sedin 0 0 0 -2 2 0 1 1 1 0 1/1 20:50 2:54 0:48
Dany Roussin 2 0 2 2 0 2 1 0 0 0 0/0 6:00 0:00 0:11
Jason Spezza 0 3 3 -1 0 1 1 0 0 1 17/35 24:24 2:54 1:03
Jay Harrison 0 0 0 2 0 0 0 2 0 0 0/0 14:10 0:00 0:52
Joe Pavelski 1 1 2 -2 0 2 5 3 1 1 0/0 20:12 2:54 0:09
Joe Thornton 0 0 0 0 0 5 1 0 0 0 8/12 19:11 2:38 1:03
Joffrey Lupul 0 0 0 1 0 0 0 0 0 0 0/0 2:45 0:09 0:00
Johnny Oduya 1 0 1 -3 0 1 0 2 0 1 0/0 23:12 3:54 1:15
Mark Giordano 0 1 1 2 0 0 1 0 0 0 0/0 13:25 0:00 0:07
Patrik Elias 0 1 1 0 0 3 0 1 0 0 0/1 18:08 2:38 0:00
Paul Martin 0 1 1 3 2 2 2 1 2 1 0/0 26:58 3:54 0:03
Ryan Callahan 1 1 2 0 0 4 0 1 0 0 0/0 18:08 2:38 0:00
Saku Koivu 0 1 1 2 0 1 0 2 0 0 0/2 5:28 0:00 0:00
Scottie Upshall 2 1 3 2 0 4 0 0 1 0 0/0 14:14 0:00 0:34
Tyler Myers 0 0 0 3 0 0 0 0 0 0 0/0 23:23 1:47 0:40
3 Stars
1 - Scottie Upshall (Was)
2 - Chris Kelly (Was)
3 - Dany Roussin (Was)
Power Play
Lightning - 1 on 2 Attempt(s) - 50,00%
Capitals - 3 on 5 Attempt(s) - 60,00%
Penalty Kill
Lightning - 2 on 5 Attempt(s) - 40,00%
- Score 0 goal in Penalty Kill
Capitals - 1 on 2 Attempt(s) - 50,00%
- Score 0 goal in Penalty Kill
Team Stat
Lightning - Hits : 19 - Faceoff Wins : 27 - Blocked Shots : 9 - Penalty Minutes : 10
Capitals - Hits : 15 - Faceoff Wins : 28 - Blocked Shots : 14 - Penalty Minutes : 4
Official
Referees : Jackson Dave and VanMassenhoven Don
Linesman : Greg Devorski and Mark Shewchyk
Game Notes
Erik Ersberg enters game at 9:12 of 3rd period
Finance
Level 1 -- Attendance: 6000 (100,00%) -- Ticket Income 462 000 $
Level 2 -- Attendance: 5000 (100,00%) -- Ticket Income 210 000 $
Level 3 -- Attendance: 2000 (100,00%) -- Ticket Income 54 000 $
Level 4 -- Attendance: 3827 (95,68%) -- Ticket Income 61 232 $
Luxury Box -- Attendance: 875 (87,50%) -- Ticket Income 142 625 $
Game was played at the Verizon Center.
Total Attendance: 17702 (98,34%)
Total Ticket Income: 929 857 $
Other Income: 139 479 $
Total Income: 1 069 336 $
Lightning
5 vs 5 Forward
Center Left Wing Right Wing Time % Phy DF OF
1 Robert Nilsson Chris Higgins Kris Versteeg 40 1 2 2
2 Pierre-Marc Bouchard Henrik Zetterberg Wayne Simmonds 30 1 2 2
3 Logan Couture Daniel Carcillo Steve Bernier 20 1 2 2
4 Darroll Powe Pierre-Luc Létourneau Sheldon Keefe 10 1 2 2
5 vs 5 Defense
Defense Defense Time % Phy DF OF
1 Brent Burns John Carlson 40 1 2 2
2 Jeff Schultz Andy Rogers 30 1 2 2
3 Wes O'Neill Victor Hedman 20 1 2 2
4 Brent Burns John Carlson 10 1 2 2
PowerPlay Forward
Center Left Wing Right Wing Time % Phy DF OF
1 Robert Nilsson Henrik Zetterberg Kris Versteeg 60 1 2 2
2 Pierre-Marc Bouchard Chris Higgins Wayne Simmonds 40 1 2 2
PowerPlay Defense
Defense Defense Time % Phy DF OF
1 Brent Burns John Carlson 60 1 2 2
2 Victor Hedman Brent Burns 40 1 2 2
Penalty Kill 4 Players Forward
Center Wing Time % Phy DF OF
1 Logan Couture Sheldon Keefe 60 1 2 2
2 Darroll Powe Wayne Simmonds 40 1 2 2
Penalty Kill 4 Players Defense
Defense Defense Time % Phy DF OF
1 Andy Rogers Jeff Schultz 60 1 2 2
2 Brent Burns Wes O'Neill 40 1 2 2
Penalty Kill - 3 Players Forward
Forward Time % Phy DF OF
1 Wayne Simmonds 60 1 2 2
2 Logan Couture 40 1 2 2
Penalty Kill - 3 Players Defense
Defense Defense Time % Phy DF OF
1 Brent Burns Jeff Schultz 60 1 2 2
2 John Carlson Andy Rogers 40 1 2 2
4 vs 4 Forward
Center Wing Time % Phy DF OF
1 Robert Nilsson Kris Versteeg 60 1 2 2
2 Pierre-Marc Bouchard Henrik Zetterberg 40 1 2 2
4 vs 4 Defense
Defense Defense Time % Phy DF OF
1 Brent Burns Jeff Schultz 60 1 2 2
2 John Carlson Andy Rogers 40 1 2 2
Last Minutes Offensive
Center Left Wing Right Wing Defense Defense
Robert Nilsson Henrik Zetterberg Kris Versteeg Brent Burns John Carlson
Last Minutes Defensive
Center Left Wing Right Wing Defense Defense
Robert Nilsson Henrik Zetterberg Wayne Simmonds Andy Rogers Jeff Schultz
Goaltenders
Starting : Tyler Weiman
Backup : Erik Ersberg
Extra Forwards
Normal : Logan Couture, Daniel Carcillo, Sheldon Keefe - PP : Logan Couture, Steve Bernier - PK : Robert Nilsson
Extra Defensemen
Normal : Wes O'Neill, Victor Hedman, John Carlson - PP : Wes O'Neill - PK : Victor Hedman, John Carlson
Penalty Shots
Henrik Zetterberg, Robert Nilsson, Logan Couture, Chris Higgins, Daniel Carcillo
Capitals
5 vs 5 Forward
Center Left Wing Right Wing Time % Phy DF OF
1 Jason Spezza Daniel Sedin Joe Pavelski 40 1 2 2
2 Joe Thornton Patrik Elias Ryan Callahan 30 1 2 2
3 Chris Kelly Scottie Upshall Adam Hall 20 1 2 2
4 Saku Koivu Dany Roussin Jason Spezza 10 1 2 2
5 vs 5 Defense
Defense Defense Time % Phy DF OF
1 Tyler Myers Paul Martin 40 1 2 2
2 Johnny Oduya Cody Franson 30 1 2 2
3 Mark Giordano Jay Harrison 20 1 2 2
4 Johnny Oduya Paul Martin 10 1 2 2
PowerPlay Forward
Center Left Wing Right Wing Time % Phy DF OF
1 Jason Spezza Daniel Sedin Joe Pavelski 60 1 2 2
2 Joe Thornton Patrik Elias Ryan Callahan 40 1 2 2
PowerPlay Defense
Defense Defense Time % Phy DF OF
1 Johnny Oduya Paul Martin 60 1 2 2
2 Tyler Myers Cody Franson 40 1 2 2
Penalty Kill 4 Players Forward
Center Wing Time % Phy DF OF
1 Jason Spezza Joe Thornton 60 1 2 2
2 Joe Pavelski Daniel Sedin 40 1 2 2
Penalty Kill 4 Players Defense
Defense Defense Time % Phy DF OF
1 Johnny Oduya Paul Martin 60 1 2 2
2 Tyler Myers Cody Franson 40 1 2 2
Penalty Kill - 3 Players Forward
Forward Time % Phy DF OF
1 Jason Spezza 60 1 2 2
2 Joe Thornton 40 1 2 2
Penalty Kill - 3 Players Defense
Defense Defense Time % Phy DF OF
1 Johnny Oduya Paul Martin 60 1 2 2
2 Tyler Myers Cody Franson 40 1 2 2
4 vs 4 Forward
Center Wing Time % Phy DF OF
1 Jason Spezza Joe Thornton 60 1 2 2
2 Joe Pavelski Daniel Sedin 40 1 2 2
4 vs 4 Defense
Defense Defense Time % Phy DF OF
1 Johnny Oduya Paul Martin 60 1 2 2
2 Tyler Myers Cody Franson 40 1 2 2
Last Minutes Offensive
Center Left Wing Right Wing Defense Defense
Jason Spezza Daniel Sedin Joe Pavelski Johnny Oduya Paul Martin
Last Minutes Defensive
Center Left Wing Right Wing Defense Defense
Jason Spezza Daniel Sedin Joe Pavelski Johnny Oduya Paul Martin
Goaltenders
Starting : Jaroslav Halak
Backup : Corey Crawford
Extra Forwards
Normal : Joffrey Lupul, Chris Kelly, Scottie Upshall - PP : Joffrey Lupul, Chris Kelly - PK : Scottie Upshall
Extra Defensemen
Normal : Mark Giordano, Jay Harrison, Tyler Myers - PP : Mark Giordano - PK : Jay Harrison, Tyler Myers
Penalty Shots
Jason Spezza, Joe Thornton, Joe Pavelski, Daniel Sedin, Chris Kelly
% Time on Ice - Lightning
Lines # - Real PCT - Wanted PCT - Time Play
Normal Forward
1 - 38% - 40% - 19:48
2 - 29% - 30% - 15:20
3 - 20% - 20% - 10:13
4 - 13% - 10% - 6:56
Normal Defense
1 - 39% - 40% - 20:20
2 - 32% - 30% - 16:40
3 - 24% - 20% - 12:18
4 - 6% - 10% - 2:59
PP Forward
1 - 55% - 60% - 1:07
2 - 45% - 40% - 0:55
PP Defense
1 - 58% - 60% - 1:11
2 - 42% - 40% - 0:51
PK Forward
1 - 77% - 60% - 4:23
2 - 23% - 40% - 1:18
PK Defense
1 - 69% - 60% - 3:56
2 - 31% - 40% - 1:45
PK3 Forward
1 - 0% - 60%
2 - 0% - 40%
PK3 Defense
1 - 0% - 60%
2 - 0% - 40%
44 Forward
1 - 0% - 60%
2 - 0% - 40%
44 Defense
1 - 0% - 60%
2 - 0% - 40%
Last Minute Offensive - 0:00
Last Minute Defensive - 0:00
Total
Forward - 60:00
Defense - 60:00
|
% Time on Ice - Capitals
Lines # - Real PCT - Wanted PCT - Time Play
Normal Forward
1 - 34% - 40% - 17:39
2 - 30% - 30% - 15:30
3 - 26% - 20% - 13:40
4 - 10% - 10% - 5:28
Normal Defense
1 - 40% - 40% - 21:05
2 - 29% - 30% - 15:17
3 - 25% - 20% - 13:14
4 - 5% - 10% - 2:41
PP Forward
1 - 54% - 60% - 3:03
2 - 46% - 40% - 2:38
PP Defense
1 - 69% - 60% - 3:54
2 - 31% - 40% - 1:47
PK Forward
1 - 93% - 60% - 1:53
2 - 7% - 40% - 0:09
PK Defense
1 - 67% - 60% - 1:22
2 - 33% - 40% - 0:40
PK3 Forward
1 - 0% - 60%
2 - 0% - 40%
PK3 Defense
1 - 0% - 60%
2 - 0% - 40%
44 Forward
1 - 0% - 60%
2 - 0% - 40%
44 Defense
1 - 0% - 60%
2 - 0% - 40%
Last Minute Offensive - 0:00
Last Minute Defensive - 0:00
Total
Forward - 60:00
Defense - 60:00
|
Play by Play
1st period
0:01 of 1st period - Robert Nilsson wins face-off versus Jason Spezza in neutral zone.
0:33 of 1st period - Snap shot by Pierre-Marc Bouchard.
0:33 of 1st period - Stopped by Jaroslav Halak with a rebound.
0:53 of 1st period - Snap shot by Scottie Upshall.
0:53 of 1st period - Goal by Scottie Upshall - Lightning : 0 - Capitals : 1.
0:54 of 1st period - Darroll Powe wins face-off versus Saku Koivu in neutral zone.
1:44 of 1st period - Jason Spezza is hit by Kris Versteeg and loses puck.
2:11 of 1st period - Wrist shot by Robert Nilsson.
2:11 of 1st period - Stopped by Jaroslav Halak without a rebound.
2:12 of 1st period - Henrik Zetterberg wins face-off versus Patrik Elias in Capitals zone.
2:51 of 1st period - Wrist shot by Adam Hall.
2:51 of 1st period - Shot Blocked by Wayne Simmonds.
4:47 of 1st period - Sheldon Keefe is hit by Joe Pavelski.
5:24 of 1st period - Tyler Myers is hit by Henrik Zetterberg.
5:39 of 1st period - Snap shot by Sheldon Keefe.
5:39 of 1st period - Shot Blocked by Daniel Sedin.
5:59 of 1st period - Joe Thornton is hit by Brent Burns and loses puck.
6:25 of 1st period - Snap shot by Ryan Callahan.
6:25 of 1st period - Shot Misses the Net.
6:27 of 1st period - Slapshot by Mark Giordano.
6:27 of 1st period - Shot Misses the Net.
6:29 of 1st period - Backhand shot by Ryan Callahan.
6:29 of 1st period - Stopped by Tyler Weiman with a rebound.
6:31 of 1st period - Slapshot by Mark Giordano.
6:31 of 1st period - Deflect By Joe Thornton.
6:31 of 1st period - Stopped by Tyler Weiman without a rebound.
6:32 of 1st period - Chris Kelly wins face-off versus Pierre-Marc Bouchard in Lightning zone.
6:47 of 1st period - Adam Hall is hit by John Carlson and loses puck.
6:58 of 1st period - Steve Bernier is hit by Joe Pavelski and loses puck.
7:19 of 1st period - Saku Koivu is hit by Chris Higgins and loses puck.
7:26 of 1st period - Wrist shot by Robert Nilsson.
7:26 of 1st period - Shot Blocked by Saku Koivu.
7:28 of 1st period - Wrist shot by Brent Burns.
7:28 of 1st period - Deflect By Chris Higgins.
7:28 of 1st period - Shot Misses the Net.
7:28 of 1st period - Puck is out of play.
7:29 of 1st period - Joe Thornton wins face-off versus Wayne Simmonds in Capitals zone.
7:42 of 1st period - Wrist shot by Ryan Callahan.
7:42 of 1st period - Stopped by Tyler Weiman with a rebound.
8:05 of 1st period - Backhand shot by Scottie Upshall.
8:05 of 1st period - Shot Misses the Net.
8:26 of 1st period - Wrist shot by Robert Nilsson.
8:26 of 1st period - Stopped by Jaroslav Halak without a rebound.
8:27 of 1st period - Pierre-Marc Bouchard wins face-off versus Joe Thornton in Capitals zone.
8:52 of 1st period - Pierre-Marc Bouchard is hit by Chris Kelly and loses puck.
9:03 of 1st period - Snap shot by Scottie Upshall.
9:03 of 1st period - Deflect By Chris Kelly.
9:03 of 1st period - Stopped by Tyler Weiman with a rebound.
9:15 of 1st period - Backhand shot by Pierre-Marc Bouchard.
9:15 of 1st period - Deflect By Tyler Myers.
9:15 of 1st period - Stopped by Jaroslav Halak without a rebound.
9:16 of 1st period - Jason Spezza wins face-off versus Robert Nilsson in Capitals zone.
9:53 of 1st period - Ryan Callahan is hit by Brent Burns and loses puck.
10:35 of 1st period - Jason Spezza is hit by Kris Versteeg and loses puck.
10:46 of 1st period - Wrist shot by Pierre-Marc Bouchard.
10:46 of 1st period - Stopped by Jaroslav Halak without a rebound.
10:47 of 1st period - Pierre-Marc Bouchard wins face-off versus Jason Spezza in Capitals zone.
11:14 of 1st period - Wrist shot by Daniel Carcillo.
11:14 of 1st period - Stopped by Jaroslav Halak with a rebound.
11:16 of 1st period - Wrist shot by Steve Bernier.
11:16 of 1st period - Stopped by Jaroslav Halak with a rebound.
11:18 of 1st period - Wrist shot by Steve Bernier.
11:18 of 1st period - Deflect By Logan Couture.
11:18 of 1st period - Stopped by Jaroslav Halak with a rebound.
11:34 of 1st period - Snap shot by Chris Kelly.
11:34 of 1st period - Shot Misses the Net.
11:36 of 1st period - Slapshot by Johnny Oduya.
11:36 of 1st period - Shot Blocked by John Carlson.
11:38 of 1st period - Wrist shot by Chris Kelly.
11:38 of 1st period - Stopped by Tyler Weiman with a rebound.
12:00 of 1st period - Snap shot by Kris Versteeg.
12:00 of 1st period - Shot Blocked by Joe Pavelski.
12:34 of 1st period - Paul Martin is hit by Daniel Carcillo and loses puck.
12:49 of 1st period - Snap shot by Pierre-Luc Létourneau.
12:49 of 1st period - Stopped by Jaroslav Halak with a rebound.
13:03 of 1st period - Jeff Schultz is hit by Jason Spezza.
13:13 of 1st period - Wrist shot by Pierre-Marc Bouchard.
13:13 of 1st period - Stopped by Jaroslav Halak with a rebound.
14:34 of 1st period - Slapshot by Daniel Carcillo.
14:34 of 1st period - Stopped by Jaroslav Halak without a rebound.
14:35 of 1st period - Jason Spezza wins face-off versus Logan Couture in Capitals zone.
14:44 of 1st period - Snap shot by Jason Spezza.
14:44 of 1st period - Stopped by Tyler Weiman with a rebound.
14:56 of 1st period - Ryan Callahan is hit by Robert Nilsson and loses puck.
16:16 of 1st period - Kris Versteeg is hit by Joe Pavelski and loses puck.
16:51 of 1st period - Snap shot by Scottie Upshall.
16:51 of 1st period - Shot Misses the Net.
16:53 of 1st period - Wrist shot by Adam Hall.
16:53 of 1st period - Stopped by Tyler Weiman without a rebound.
16:54 of 1st period - Joe Thornton wins face-off versus Robert Nilsson in Lightning zone.
17:36 of 1st period - Wrist shot by Kris Versteeg.
17:36 of 1st period - Shot Blocked by Johnny Oduya.
17:38 of 1st period - Slapshot by Brent Burns.
17:38 of 1st period - Shot Hit the Post.
17:40 of 1st period - Slapshot by John Carlson.
17:40 of 1st period - Shot Hit the Post.
17:42 of 1st period - Snap shot by Robert Nilsson.
17:42 of 1st period - Shot Misses the Net.
18:09 of 1st period - Wrist shot by Kris Versteeg.
18:09 of 1st period - Goal by Kris Versteeg - Lightning : 1 - Capitals : 1.
18:10 of 1st period - Joe Thornton wins face-off versus Wayne Simmonds in neutral zone.
18:44 of 1st period - Snap shot by Chris Kelly.
18:44 of 1st period - Stopped by Tyler Weiman with a rebound.
19:34 of 1st period - Wrist shot by Daniel Carcillo.
19:34 of 1st period - Shot Blocked by Jay Harrison.
Goals for this period are 1 for Lightning vs 1 for Capitals.
Shots for this period are 12 for Lightning vs 9 for Capitals.
2nd period
0:01 of 2nd period - Robert Nilsson wins face-off versus Jason Spezza in neutral zone.
0:15 of 2nd period - Minor Penalty to Daniel Sedin for Tripping.
0:16 of 2nd period - Robert Nilsson wins face-off versus Jason Spezza in Capitals zone.
0:16 of 2nd period - Backhand shot by Henrik Zetterberg.
0:16 of 2nd period - Shot Blocked by Johnny Oduya.
0:18 of 2nd period - Slapshot by Kris Versteeg.
0:18 of 2nd period - Goal by Kris Versteeg - Lightning : 2 - Capitals : 1.
0:19 of 2nd period - Robert Nilsson wins face-off versus Jason Spezza in neutral zone.
0:58 of 2nd period - Icing by Paul Martin.
0:59 of 2nd period - Chris Higgins wins face-off versus Joe Thornton in Capitals zone.
1:06 of 2nd period - Wrist shot by Chris Higgins.
1:06 of 2nd period - Stopped by Jaroslav Halak without a rebound.
1:07 of 2nd period - Jason Spezza wins face-off versus Kris Versteeg in Capitals zone.
1:12 of 2nd period - Johnny Oduya is hit by Robert Nilsson and loses puck.
1:17 of 2nd period - Slapshot by Chris Higgins.
1:17 of 2nd period - Shot Blocked by Joe Pavelski.
1:55 of 2nd period - Snap shot by Scottie Upshall.
1:55 of 2nd period - Stopped by Tyler Weiman with a rebound.
1:59 of 2nd period - Wrist shot by Scottie Upshall.
1:59 of 2nd period - Goal by Scottie Upshall - Lightning : 2 - Capitals : 2.
2:00 of 2nd period - Jason Spezza wins face-off versus Pierre-Marc Bouchard in neutral zone.
3:40 of 2nd period - Minor Penalty to John Carlson for High sticking.
3:41 of 2nd period - Logan Couture wins face-off versus Jason Spezza in Lightning zone.
4:45 of 2nd period - Paul Martin is hit by Wes O'Neill.
5:40 of 2nd period - Penalty to John Carlson is over, John Carlson is back on ice.
6:30 of 2nd period - Slapshot by John Carlson.
6:30 of 2nd period - Shot Misses the Net.
6:46 of 2nd period - Slapshot by Brent Burns.
6:46 of 2nd period - Shot Blocked by Paul Martin.
6:48 of 2nd period - Slapshot by Wes O'Neill.
6:48 of 2nd period - Shot Misses the Net.
7:36 of 2nd period - Robert Nilsson is hit by Mark Giordano and loses puck.
9:09 of 2nd period - Snap shot by Saku Koivu.
9:09 of 2nd period - Stopped by Tyler Weiman without a rebound.
9:10 of 2nd period - Robert Nilsson wins face-off versus Saku Koivu in Lightning zone.
9:27 of 2nd period - Darroll Powe is hit by Paul Martin and loses puck.
9:38 of 2nd period - Snap shot by Joe Thornton.
9:38 of 2nd period - Stopped by Tyler Weiman without a rebound.
9:39 of 2nd period - Chris Higgins wins face-off versus Jason Spezza in Lightning zone.
9:49 of 2nd period - Icing by Johnny Oduya.
9:50 of 2nd period - Jason Spezza wins face-off versus Pierre-Marc Bouchard in Capitals zone.
9:50 of 2nd period - Jason Spezza is hit by John Carlson.
10:04 of 2nd period - Snap shot by Henrik Zetterberg.
10:04 of 2nd period - Shot Misses the Net.
10:22 of 2nd period - Slapshot by John Carlson.
10:22 of 2nd period - Shot Misses the Net.
10:24 of 2nd period - Slapshot by John Carlson.
10:24 of 2nd period - Stopped by Jaroslav Halak without a rebound.
10:25 of 2nd period - Joe Thornton wins face-off versus Chris Higgins in Capitals zone.
10:25 of 2nd period - Joe Thornton is hit by Robert Nilsson.
10:41 of 2nd period - Icing by Joe Thornton.
10:42 of 2nd period - Joe Thornton wins face-off versus Pierre-Marc Bouchard in Capitals zone.
10:42 of 2nd period - Joe Thornton is hit by John Carlson.
11:10 of 2nd period - Slapshot by Paul Martin.
11:10 of 2nd period - Shot Misses the Net.
11:12 of 2nd period - Minor Penalty to Logan Couture for Interference.
11:13 of 2nd period - Robert Nilsson wins face-off versus Jason Spezza in Lightning zone.
11:13 of 2nd period - Robert Nilsson is hit by Daniel Sedin.
11:21 of 2nd period - Slapshot by Sheldon Keefe.
11:21 of 2nd period - Deflect By Robert Nilsson.
11:21 of 2nd period - Stopped by Jaroslav Halak without a rebound.
11:22 of 2nd period - Jason Spezza wins face-off versus Robert Nilsson in Capitals zone.
11:37 of 2nd period - Snap shot by Joe Pavelski.
11:37 of 2nd period - Shot Blocked by Andy Rogers.
11:39 of 2nd period - Snap shot by Joe Pavelski.
11:39 of 2nd period - Stopped by Tyler Weiman with a rebound.
11:41 of 2nd period - Slapshot by Johnny Oduya.
11:41 of 2nd period - Shot Blocked by Jeff Schultz.
11:43 of 2nd period - Slapshot by Johnny Oduya.
11:43 of 2nd period - Goal by Johnny Oduya - Lightning : 2 - Capitals : 3.
11:44 of 2nd period - Daniel Sedin wins face-off versus Pierre-Marc Bouchard in neutral zone.
12:10 of 2nd period - Robert Nilsson is hit by Joe Thornton and loses puck.
12:17 of 2nd period - Slapshot by Patrik Elias.
12:17 of 2nd period - Stopped by Tyler Weiman with a rebound.
12:53 of 2nd period - Minor Penalty to Robert Nilsson for Interference.
12:54 of 2nd period - Jason Spezza wins face-off versus Logan Couture in Lightning zone.
13:48 of 2nd period - Slapshot by Joe Thornton.
13:48 of 2nd period - Stopped by Tyler Weiman with a rebound.
13:50 of 2nd period - Snap shot by Joe Thornton.
13:50 of 2nd period - Stopped by Tyler Weiman with a rebound.
13:52 of 2nd period - Snap shot by Joe Thornton.
13:52 of 2nd period - Shot Blocked by Jeff Schultz.
13:54 of 2nd period - Snap shot by Joe Thornton.
13:54 of 2nd period - Shot Misses the Net.
13:56 of 2nd period - Snap shot by Patrik Elias.
13:56 of 2nd period - Stopped by Tyler Weiman with a rebound.
13:58 of 2nd period - Snap shot by Paul Martin.
13:58 of 2nd period - Deflect By Ryan Callahan.
13:58 of 2nd period - Goal by Ryan Callahan - Lightning : 2 - Capitals : 4.
13:59 of 2nd period - Pierre-Marc Bouchard wins face-off versus Jason Spezza in neutral zone.
14:25 of 2nd period - Mark Giordano is hit by Daniel Carcillo and loses puck.
14:38 of 2nd period - Snap shot by Logan Couture.
14:38 of 2nd period - Shot Blocked by Jay Harrison.
15:17 of 2nd period - Snap shot by Sheldon Keefe.
15:17 of 2nd period - Stopped by Jaroslav Halak without a rebound.
15:18 of 2nd period - Jason Spezza wins face-off versus Pierre-Marc Bouchard in Capitals zone.
15:58 of 2nd period - Snap shot by Pierre-Marc Bouchard.
15:58 of 2nd period - Stopped by Jaroslav Halak with a rebound.
16:31 of 2nd period - Slapshot by Scottie Upshall.
16:31 of 2nd period - Shot Misses the Net.
16:33 of 2nd period - Snap shot by Paul Martin.
16:33 of 2nd period - Stopped by Tyler Weiman with a rebound.
16:47 of 2nd period - Slapshot by Scottie Upshall.
16:47 of 2nd period - Stopped by Tyler Weiman without a rebound.
16:48 of 2nd period - Robert Nilsson wins face-off versus Jason Spezza in Lightning zone.
16:53 of 2nd period - Slapshot by John Carlson.
16:53 of 2nd period - Deflect By Cody Franson.
16:53 of 2nd period - Stopped by Jaroslav Halak with a rebound.
16:55 of 2nd period - Slapshot by Brent Burns.
16:55 of 2nd period - Shot Blocked by Joe Pavelski.
17:44 of 2nd period - Slapshot by Sheldon Keefe.
17:44 of 2nd period - Stopped by Jaroslav Halak with a rebound.
18:04 of 2nd period - Robert Nilsson is hit by Joe Pavelski and loses puck.
19:45 of 2nd period - Jeff Schultz is hit by Joe Pavelski and loses puck.
19:58 of 2nd period - Wes O'Neill is hit by Dany Roussin and loses puck.
Goals for this period are 1 for Lightning vs 3 for Capitals.
Shots for this period are 8 for Lightning vs 13 for Capitals.
3rd period
0:01 of 3rd period - Robert Nilsson wins face-off versus Jason Spezza in neutral zone.
0:26 of 3rd period - Joe Thornton is hit by Pierre-Marc Bouchard and loses puck.
0:45 of 3rd period - Wrist shot by Cody Franson.
0:45 of 3rd period - Shot Blocked by Jeff Schultz.
0:47 of 3rd period - Snap shot by Chris Kelly.
0:47 of 3rd period - Deflect By Scottie Upshall.
0:47 of 3rd period - Shot Blocked by Daniel Carcillo.
0:47 of 3rd period - Puck is out of play.
0:48 of 3rd period - Logan Couture wins face-off versus Chris Kelly in Lightning zone.
0:59 of 3rd period - Slapshot by Paul Martin.
0:59 of 3rd period - Deflect By Daniel Carcillo.
0:59 of 3rd period - Stopped by Tyler Weiman without a rebound.
1:00 of 3rd period - Jason Spezza wins face-off versus Robert Nilsson in Lightning zone.
1:01 of 3rd period - Slapshot by Daniel Sedin.
1:01 of 3rd period - Shot Misses the Net.
1:29 of 3rd period - Snap shot by Joe Thornton.
1:29 of 3rd period - Stopped by Tyler Weiman with a rebound.
1:31 of 3rd period - Snap shot by Patrik Elias.
1:31 of 3rd period - Stopped by Tyler Weiman without a rebound.
1:32 of 3rd period - Pierre-Marc Bouchard wins face-off versus Joe Thornton in Lightning zone.
3:19 of 3rd period - Chris Higgins is hit by Adam Hall.
3:39 of 3rd period - Snap shot by Pierre-Marc Bouchard.
3:39 of 3rd period - Deflect By Jason Spezza.
3:39 of 3rd period - Shot Blocked by Saku Koivu.
3:39 of 3rd period - Puck is out of play.
3:40 of 3rd period - Joe Thornton wins face-off versus Pierre-Marc Bouchard in Capitals zone.
3:45 of 3rd period - Slapshot by Cody Franson.
3:45 of 3rd period - Shot Misses the Net.
4:05 of 3rd period - Cody Franson is hit by Robert Nilsson and loses puck.
4:12 of 3rd period - Wrist shot by Chris Higgins.
4:12 of 3rd period - Stopped by Jaroslav Halak with a rebound.
4:26 of 3rd period - Wrist shot by Cody Franson.
4:26 of 3rd period - Stopped by Tyler Weiman without a rebound.
4:27 of 3rd period - Chris Kelly wins face-off versus Logan Couture in Lightning zone.
4:28 of 3rd period - Wrist shot by Scottie Upshall.
4:28 of 3rd period - Shot Hit the Post.
4:30 of 3rd period - Wrist shot by Chris Kelly.
4:30 of 3rd period - Goal by Chris Kelly - Lightning : 2 - Capitals : 5.
4:31 of 3rd period - Jason Spezza wins face-off versus Robert Nilsson in neutral zone.
5:45 of 3rd period - Slapshot by Andy Rogers.
5:45 of 3rd period - Goal by Andy Rogers - Lightning : 3 - Capitals : 5.
5:46 of 3rd period - Jason Spezza wins face-off versus Robert Nilsson in neutral zone.
5:57 of 3rd period - Minor Penalty to Kris Versteeg for Cross-checking.
5:58 of 3rd period - Jason Spezza wins face-off versus Logan Couture in Lightning zone.
7:57 of 3rd period - Penalty to Kris Versteeg is over, Kris Versteeg is back on ice.
9:12 of 3rd period - Snap shot by Dany Roussin.
9:12 of 3rd period - Goal by Dany Roussin - Lightning : 3 - Capitals : 6.
9:12 of 3rd period - Erik Ersberg enters game.
9:13 of 3rd period - Jason Spezza wins face-off versus Wayne Simmonds in neutral zone.
9:16 of 3rd period - Slapshot by Paul Martin.
9:16 of 3rd period - Shot Hit the Post.
9:18 of 3rd period - Slapshot by Tyler Myers.
9:18 of 3rd period - Shot Misses the Net.
9:28 of 3rd period - Slapshot by Joe Pavelski.
9:28 of 3rd period - Shot Misses the Net.
10:10 of 3rd period - Wrist shot by Daniel Carcillo.
10:10 of 3rd period - Shot Blocked by Cody Franson.
10:12 of 3rd period - Snap shot by Steve Bernier.
10:12 of 3rd period - Stopped by Jaroslav Halak without a rebound.
10:13 of 3rd period - Kris Versteeg wins face-off versus Jason Spezza in Capitals zone.
10:20 of 3rd period - Jeff Schultz is hit by Paul Martin and loses puck.
10:32 of 3rd period - Minor Penalty to Kris Versteeg for Slashing.
10:33 of 3rd period - Jason Spezza wins face-off versus Logan Couture in Lightning zone.
10:39 of 3rd period - Slapshot by Joe Pavelski.
10:39 of 3rd period - Goal by Joe Pavelski - Lightning : 3 - Capitals : 7.
10:40 of 3rd period - Robert Nilsson wins face-off versus Jason Spezza in neutral zone.
10:55 of 3rd period - Slapshot by Kris Versteeg.
10:55 of 3rd period - Stopped by Jaroslav Halak with a rebound.
10:57 of 3rd period - Wrist shot by Chris Higgins.
10:57 of 3rd period - Stopped by Jaroslav Halak without a rebound.
10:58 of 3rd period - Joe Thornton wins face-off versus Pierre-Marc Bouchard in Capitals zone.
11:49 of 3rd period - Snap shot by Logan Couture.
11:49 of 3rd period - Shot Misses the Net.
11:52 of 3rd period - Icing by Tyler Myers.
11:53 of 3rd period - Pierre-Marc Bouchard wins face-off versus Chris Kelly in Capitals zone.
11:59 of 3rd period - Off-side.
12:00 of 3rd period - Pierre-Marc Bouchard wins face-off versus Jason Spezza in neutral zone.
12:15 of 3rd period - Joe Pavelski is hit by Pierre-Marc Bouchard and loses puck.
13:10 of 3rd period - Wrist shot by Jason Spezza.
13:10 of 3rd period - Shot Misses the Net.
13:12 of 3rd period - Snap shot by Dany Roussin.
13:12 of 3rd period - Shot Blocked by John Carlson.
13:14 of 3rd period - Wrist shot by Jason Spezza.
13:14 of 3rd period - Shot Misses the Net.
13:18 of 3rd period - Slapshot by Dany Roussin.
13:18 of 3rd period - Goal by Dany Roussin - Lightning : 3 - Capitals : 8.
13:19 of 3rd period - Robert Nilsson wins face-off versus Jason Spezza in neutral zone.
13:24 of 3rd period - Wrist shot by Robert Nilsson.
13:24 of 3rd period - Stopped by Jaroslav Halak without a rebound.
13:25 of 3rd period - Robert Nilsson wins face-off versus Jason Spezza in Capitals zone.
13:28 of 3rd period - Snap shot by Kris Versteeg.
13:28 of 3rd period - Stopped by Jaroslav Halak without a rebound.
13:29 of 3rd period - Robert Nilsson wins face-off versus Jason Spezza in Capitals zone.
13:33 of 3rd period - Minor Penalty to Paul Martin for Holding.
13:34 of 3rd period - Jason Spezza wins face-off versus Robert Nilsson in Capitals zone.
15:33 of 3rd period - Penalty to Paul Martin is over, Paul Martin is back on ice.
15:42 of 3rd period - Wes O'Neill is hit by Chris Kelly and loses puck.
15:59 of 3rd period - Snap shot by Darroll Powe.
15:59 of 3rd period - Shot Misses the Net.
16:01 of 3rd period - Slapshot by Jeff Schultz.
16:01 of 3rd period - Shot Blocked by Patrik Elias.
16:03 of 3rd period - Snap shot by Andy Rogers.
16:03 of 3rd period - Deflect By Darroll Powe.
16:03 of 3rd period - Shot Blocked by Ryan Callahan.
16:03 of 3rd period - Puck is out of play.
16:04 of 3rd period - Joe Thornton wins face-off versus Darroll Powe in Capitals zone.
17:06 of 3rd period - Off-side.
17:07 of 3rd period - Pierre-Marc Bouchard wins face-off versus Joe Thornton in neutral zone.
17:20 of 3rd period - Snap shot by Ryan Callahan.
17:20 of 3rd period - Stopped by Erik Ersberg with a rebound.
17:58 of 3rd period - Snap shot by Scottie Upshall.
17:58 of 3rd period - Deflect By Adam Hall.
17:58 of 3rd period - Shot Blocked by Wes O'Neill.
17:58 of 3rd period - Puck is out of play.
17:59 of 3rd period - Jason Spezza wins face-off versus Wayne Simmonds in Lightning zone.
18:10 of 3rd period - Slapshot by Brent Burns.
18:10 of 3rd period - Deflect By Henrik Zetterberg.
18:10 of 3rd period - Shot Misses the Net.
18:10 of 3rd period - Puck is out of play.
18:11 of 3rd period - Jason Spezza wins face-off versus Robert Nilsson in Capitals zone.
18:36 of 3rd period - Ryan Callahan is hit by Wayne Simmonds and loses puck.
19:07 of 3rd period - Snap shot by Daniel Carcillo.
19:07 of 3rd period - Goal by Daniel Carcillo - Lightning : 4 - Capitals : 8.
19:08 of 3rd period - Robert Nilsson wins face-off versus Jason Spezza in neutral zone.
Goals for this period are 2 for Lightning vs 4 for Capitals.
Shots for this period are 8 for Lightning vs 9 for Capitals.
Back to the Top